 Dungeon Crawl Stone Soup version 0.18-a0-5-gf1fb587 (webtiles) character file.

371 SlimeFever the Chiller (level 6, 0/43 HPs)
             Began as a Demonspawn Ice Elementalist on Oct 30, 2015.
             Was a Follower of Sif Muna.
             Killed from afar by an orc wizard (2 damage)
             ... with a puff of frost
             ... on level 4 of the Dungeon on Oct 31, 2015.
             The game lasted 00:31:35 (3868 turns).

SlimeFever the Chiller (DsIE)                       Turns: 3868, Time: 00:31:36

Health: 0/43       AC:  7    Str:  8    XL:     6   Next: 42%
Magic:  1/11       EV: 12    Int: 17    God:    Sif Muna [*.....]
Gold:   120        SH:  0    Dex: 15    Spells: 4 memorised, 2 levels left

rFire  . . .     SeeInvis .     a - +0 trident
rCold  . . .     Clarity  .     n - +0 leather armour
rNeg   + . .     SustAt   .     (no shield)
rPois  .         Gourm    +     r - +2 hat
rElec  .         Spirit   .     s - +0 cloak
rCorr  .         Warding  .     (no gloves)
rMut   .         Stasis   .     f - +0 pair of boots
MR     +....                    c - amulet of the gourmand
Stlth  +++.......               z - ring of positive energy
                                j - ring of protection from magic

@: very slightly contaminated, somewhat resistant to hostile enchantments,
fairly stealthy
A: hooves 1, nightstalker 1, rot immunity
a: Channel Energy, Renounce Religion


You were on level 4 of the Dungeon.
You worshipped Sif Muna.
Sif Muna was aware of your devotion.
You were near starving.

You visited 1 branch of the dungeon, and saw 4 of its levels.

You collected 120 gold pieces.

Inventory:

Hand Weapons
 a - a +0 trident (weapon)
 b - a +0 hunting sling
Missiles
 e - 43 arrows
 m - 15 sling bullets
 C - 15 exploding sling bullets
Armour
 f - a +0 pair of boots (worn)
 n - a +0 leather armour (worn)
 r - a +2 hat (worn)
 s - a +0 cloak (worn)
Jewellery
 c - an amulet of the gourmand (around neck)
 j - a ring of protection from magic (left hand)
 z - a ring of positive energy (right hand)
Wands
 w - a wand of teleportation (5)
 y - a wand of confusion (15)
Scrolls
 l - 4 scrolls of remove curse
 q - 2 scrolls of amnesia {unknown}
 u - a scroll of recharging {unknown}
 x - a scroll of teleportation
 A - a scroll of identify
 B - a scroll of random uselessness {unknown}
 D - a scroll of fear
Potions
 d - a potion of haste {unknown}
 g - 3 potions of curing
 h - a potion of degeneration {unknown}
 i - a potion of lignification {unknown}
 p - a potion of might
Books
 v - a book of Frost

   Spells                             Type                      Level
   a - Freeze                         Ice                          1
   b - Throw Frost                    Conjuration/Ice              2
   c - Ozocubu's Armour               Charms/Ice                   3
   d - Throw Icicle                   Conjuration/Ice              4
   e - Summon Ice Beast               Ice/Summoning                4
   f - Condensation Shield            Ice                          4
Comestibles
 k - 3 meat rations
 o - a slice of pizza
 t - a bread ration


   Skills:
 + Level 1.1 Fighting
 + Level 0.6 Polearms
 + Level 1.0 Armour
 + Level 2.6 Dodging
 + Level 2.0 Stealth
 + Level 3.6 Spellcasting
 + Level 1.0 Conjurations
 * Level 4.9 Ice Magic


You had 2 spell levels left.
You knew the following spells:

 Your Spells              Type           Power        Failure   Level  Hunger
a - Freeze                Ice            ###.         3%          1    None
b - Throw Frost           Conj/Ice       ##....       12%         2    ##.....
c - Ozocubu's Armour      Chrm/Ice       ##......     30%         3    ###....
d - Summon Ice Beast      Ice/Summ       ##......     87%         4    ####...


Dungeon Overview and Level Annotations

Branches:
Dungeon (4/15)
 Temple: D:4-7

Altars:
Sif Muna
Xom

Annotations:
D:3 kguciosek's ghost, amateur KoFi


Innate Abilities, Weirdness & Mutations

You have large cloven feet.
You are slightly more attuned to the shadows.
You are immune to rotting.


Message History

Casting: Freeze
Confirm with . or Enter, or press ? or * to list all spells.
You don't have enough magic to cast that spell.
You barely miss something.
You hear some strange, mumbled words.
A puff of flame appears from out of thin air!
The puff of flame hits you! The orc barely misses you.
You hear some strange, mumbled words.
A puff of flame appears from out of thin air!
The puff of flame hits you!
* * * LOW HITPOINT WARNING * * *
The heat melts your icy armour.
You hit something but do no damage.
Your icy armour evaporates.
The orc hits you from afar with a trident!
* * * LOW HITPOINT WARNING * * *
You hear some strange, mumbled words.
A puff of frost appears from out of thin air!
The puff of frost hits you!
You die...

##..#.#.#####...................
#...............................
#.....#.####....................
#.....#.# #....................
#.....#.# ##...................
#.....#.# #...................
#.....#.# #..o..oo............
###.#.#.# #.#{####.#.####.####
#.#.#.# #.#@# #.#......# #.#.#.#
#.#.# #.######## #.#.#.# #.#.# #
#.#.#.# #.#.# #.#.#.# #.#.#
#.#.#.#####.#.# #.#.#.......#.#
#.#.#########.# #.#.# #.#


You could see an orc.

Vanquished Creatures
  The ghost of Ijustatesigmund the Sneak, an amateur OpWz (D:4)
  An orc priest (D:4)
  A giant frog skeleton (D:4)
  2 orc wizards (D:3)
  2 worker ants
  A hound skeleton (D:3)
  5 adders
  An adder skeleton (D:4)
  10 orcs
  2 ball pythons (D:1)
  4 bats
  A giant cockroach (D:1)
  6 goblins
  8 hobgoblins
  4 jackals (D:3)
  9 kobolds
  2 quokkas
  6 giant newts
  6 rats
72 creatures vanquished.

Notes
Turn   | Place    | Note
--------------------------------------------------------------
     0 | D:1      | SlimeFever the Demonspawn Ice Elementalist began the quest for the Orb.
     0 | D:1      | Reached XP level 1. HP: 13/13 MP: 3/3
   363 | D:1      | Reached skill level 3 in Ice Magic
   475 | D:1      | Gained mutation: You are slightly more attuned to the shadows. [demonic ancestry]
   475 | D:1      | Reached XP level 2. HP: 14/19 MP: 1/5
   623 | D:1      | Learned a level 2 spell: Throw Frost
   950 | D:2      | Reached XP level 3. HP: 23/25 MP: 0/6
   955 | D:2      | Learned a level 3 spell: Ozocubu's Armour
  1042 | D:2      | Found a deep blue altar of Sif Muna.
  1049 | D:2      | Became a worshipper of Sif Muna the Loreminder
  1963 | D:3      | Gained mutation: You are immune to rotting. [demonic ancestry]
  1963 | D:3      | Reached XP level 4. HP: 19/31 MP: 2/8
  2043 | D:3      | Noticed kguciosek's ghost (amateur KoFi)
  2054 | D:3      | Reached skill level 1 in Fighting
  2399 | D:3      | Reached skill level 4 in Ice Magic
  2459 | D:3      | Gained mutation: You have large cloven feet. [demonic ancestry]
  2459 | D:3      | Reached XP level 5. HP: 26/37 MP: 2/9
  3270 | D:4      | Found a shimmering altar of Xom.
  3280 | D:4      | Noticed Ijustatesigmund's ghost (amateur OpWz)
  3608 | D:4      | Reached XP level 6. HP: 43/43 MP: 5/10
  3620 | D:4      | Killed Ijustatesigmund's ghost
  3620 | D:4      | Reached * piety under Sif Muna
  3620 | D:4      | Reached skill level 1 in Armour
  3627 | D:4      | Upgraded the game from 0.18-a0-1-gfac8111 to 0.18-a0-5-gf1fb587
  3632 | D:4      | Learned a level 4 spell: Summon Ice Beast
  3868 | D:4      | HP: 2/43 [orc/trident (8)]
  3868 | D:4      | Killed from afar by an orc wizard

Vault maps used:
D:1:      lightli_molten_gateway, serial_forest, infiniplex_forest_end_2,
          infiniplex_forest_corner_1, infiniplex_forest_straight_2,
          infiniplex_forest_zigzag_1
D:2:      overflow_temple_1_default, first_bread
D:4:      led_xom_imps, trog_book, uniq_sigmund

Action                   |  1- 3 |  4- 6 || total
-------------------------+-------+-------++-------
Melee: Whip              |    58 |    23 ||    81
       Trident           |       |    60 ||    60
 Cast: Freeze            |    48 |    56 ||   104
       Throw Frost       |       |    10 ||    10
       Ozocubu's Armour  |       |     2 ||     2
Evoke: Wand              |       |     2 ||     2
  Use: Scroll            |     7 |     3 ||    10
       Potion            |       |     2 ||     2
 Stab: Sleeping          |       |     2 ||     2
  Eat: Bread ration      |     1 |       ||     1
       Chunk             |       |     4 ||     4
       Fruit             |       |     3 ||     3
